 Dungeon Crawl Stone Soup version 0.29.0-3-gbb0933ed62 (webtiles) character file.

Game seed: 11632523763021291253

19555 foggy the Protected (level 12, -6/112 HPs)
             Began as a Minotaur Fighter on Aug 23, 2022.
             Was a Believer of Uskayaw.
             Mangled by Urug
             ... wielding a +4 demon trident
              (11 damage)
             ... on level 10 of the Dungeon on Aug 25, 2022.
             The game lasted 00:38:44 (13826 turns).

foggy the Protected (Minotaur Fighter)             Turns: 13826, Time: 00:38:44

Health: -6/112     AC: 28    Str: 29    XL:     12   Next: 37%
Magic:  11/11      EV:  9    Int:  5    God:    Uskayaw [**....]
Gold:   297        SH:  6    Dex:  9    Spells: 11/11 levels left

rFire   + + .      SeeInvis +   r - +4 flail (flame)
rCold   + . .      Faith    .   c - +0 buckler
rNeg    + . .      Spirit   .   J - +2 plate armour {rF+}
rPois   +          Reflect  .   (helmet restricted)
rElec   +          Harm     .   p - +2 cloak {rCorr}
rCorr   +          Rampage  .   m - +2 pair of gloves
Will    .....                   n - +1 pair of boots
Stlth   ..........              (no amulet)
HPRegen 0.28/turn               w - ring of the Firefly {rElec rF+ rC+ rCorr Str+2}
MPRegen 0.12/turn               e - ring "Xania" {rPois rN+ SInv}

@: studying Polearms
A: horns 2, retaliatory headbutt
a: Renounce Religion, Stomp, Line Pass


You were on level 10 of the Dungeon.
You worshipped Uskayaw.
Uskayaw was noncommittal.
You visited 2 branches of the dungeon, and saw 12 of its levels.

You collected 379 gold pieces.
You spent 82 gold pieces at shops.

Inventory:

Hand Weapons
 r - a +4 flail of flaming (weapon)
Missiles
 k - 3 throwing nets (quivered)
Armour
 c - a +0 buckler (worn)
 m - a +2 pair of gloves (worn)
 n - a +1 pair of boots (worn)
 p - a +2 cloak of preservation (worn)
 z - a scarf of invisibility
 J - a +2 plate armour of fire resistance (worn)
Jewellery
 e - the ring "Xania" (right hand) {rPois rN+ SInv}
   (You acquired it on level 9 of the Dungeon)

   [ring of poison resistance]

   rPois:     It protects you from poison.
   rN:        It protects you from negative energy.
   SInv:      It lets you see invisible.
 w - the ring of the Firefly (left hand) {rElec rF+ rC+ rCorr Str+2}
   (You acquired it on level 9 of the Dungeon)

   [ring of protection from cold]

   Str:       It affects your strength (+2).
   rF:        It protects you from fire.
   rC:        It protects you from cold.
   rElec:     It insulates you from electricity.
   rCorr:     It protects you from acid and corrosion.
 A - an amulet of magic regeneration
Wands
 o - a wand of flame (16)
 y - a wand of mindburst (6)
 C - a wand of roots (6)
Scrolls
 f - a scroll of fog
 g - a scroll of enchant weapon {unknown}
 h - a scroll of immolation
 i - 3 scrolls of amnesia
 q - a scroll of silence {unknown}
 s - 2 scrolls of fear
 t - 5 scrolls of teleportation
 v - a scroll of noise {unknown}
Potions
 a - a potion of flight
 b - 2 potions of ambrosia
 d - 5 potions of might
 l - 7 potions of lignification
 u - 2 potions of resistance
 x - 3 potions of curing
 B - 2 potions of magic
 H - a potion of berserk rage {unknown}
Miscellaneous
 F - a condenser vane


   Skills:
 + Level 12.0 Fighting
 + Level 5.8 Short Blades
 - Level 3.0 Maces & Flails
 + Level 14.6 Armour
 + Level 3.8 Dodging
 + Level 7.6 Stealth
 + Level 10.8 Shields
 + Level 1.2 Invocations
 + Level 1.6 Evocations


You had 11 spell levels left.
You didn't know any spells.
Your spell library was empty.

Dungeon Overview and Level Annotations

Branches:
Dungeon (10/15)            Temple (0/1) D:6            Lair (2/5) D:8
    Orc (0/2) D:9
  Swamp: Lair:2-3    Shoals: Lair:2-3     Snake: Lair:2-3    Spider: Lair:2-3

Altars:
Elyvilon
Fedhas
Gozag
Kikubaaqudgha
Makhleb
Ru
Trog
Uskayaw
Xom
The Shining One

Shops:
D:4 ?

Annotations:
D:5 1 runed translucent door, Voxie's ghost, novice GrFi
D:7 3 runed translucent doors, Gurantaxtaxq's ghost, novice DECj
D:8 3 runed translucent doors, Iusername's ghost, novice MiFi
D:10 Urug


Innate Abilities, Weirdness & Mutations

You have a pair of horns on your head.
You reflexively headbutt those who attack you in melee.


Message History

You closely miss Urug.
Urug howls with blood-lust.
You block Urug's attack.
You barely miss Urug. Urug hits you with a +4 demon trident.
Urug hits you but does no damage.
You closely miss Urug. Urug hits you with a +4 demon trident.
You hit Urug. You burn Urug. You headbutt Urug!
Urug is moderately wounded.
Urug hits you with a +4 demon trident. Urug hits you with a +4 demon trident!
You sock Urug! You burn Urug.
Urug is heavily wounded.
Urug misses you.
You can now pass through a line of other dancers.
You hit Urug. You burn Urug.
Urug is heavily wounded.
You block Urug's attack. Urug hits you with a +4 demon trident!
You closely miss Urug. You headbutt Urug, but do no damage.
Urug is heavily wounded.
Urug hits you with a +4 demon trident!
You hit Urug. You burn Urug.
Urug is heavily wounded.
Urug hits you but does no damage.
You sock Urug! You burn Urug.
Urug is severely wounded.
Urug hits you with a +4 demon trident!! Urug hits you but does no damage.
You hit Urug but do no damage. You headbutt Urug!
Urug is severely wounded.
Urug hits you but does no damage.
You closely miss Urug.
Urug is severely wounded.
Urug hits you with a +4 demon trident!!
* * * LOW HITPOINT WARNING * * *
You feel better. Urug hits you with a +4 demon trident!!
* * * LOW HITPOINT WARNING * * *
Aiming: Mindburst
Press: ? - help, Shift-Dir - straight line, f - Urug
Aim: Urug, wielding a +4 demon trident, wearing a +0 chain mail and quivering javelins (severely wounded, chance to affect: 54%) Urug resists with significant effort.
Urug hits you with a +4 demon trident!
You die...

(......#
#####..##
##..########
###..##..>###
##........#
#######..#
#..## ##..#
#@.# #o.#
#<.# ...#
...# ....#
###.# ..


You could see Urug.

Vanquished Creatures
  3 hydras
  2 two-headed ogres (D:9)
  Pikel (D:7)
  2 cyclopes
  An ugly thing (D:9)
  5 cane toads (Lair:1)
  A komodo dragon (Lair:2)
  A troll (D:9)
  A hornet (D:7)
  6 blink frogs (Lair:2)
  Sigmund (D:4)
  8 wyverns
  A basilisk (D:8)
  21 yaks
  Grum (D:9)
  A steam dragon (D:9)
  Edmund (D:4)
  An acid dragon (D:9)
  6 water moccasins
  An ice beast (D:6)
  4 orc warriors
  A black bear (D:5)
  21 wolves
  2 centaurs
  3 ogres
  2 lemures (D:7)
  A phantom (D:5)
  9 bullfrogs
  4 kobold brigands (D:9)
  A necrophage (D:4)
  2 gnoll sergeants
  5 scorpions
  14 wights
  5 killer bees (D:7)
  3 howler monkeys (D:7)
  3 hounds
  7 orc priests
  3 gnoll boudas
  Crazy Yiuf (D:3)
  2 orc wizards
  2 iguanas (D:7)
  Robin (D:3)
  22 gnolls
  6 adders
  4 worms
  5 dart slugs
  43 orcs
  5 ball pythons
  8 endoplasms
  3 giant cockroaches
  11 hobgoblins
  3 jackals (D:2)
  10 kobolds
  4 quokkas
  3 bats
  3 frilled lizards
  14 goblins
  2 rats (D:2)
307 creatures vanquished.

Vanquished Creatures (others)
  2 kobolds (D:9)
  A bush (Lair:2)
  15 fungi
  60 plants
78 creatures vanquished.

Grand Total: 385 creatures vanquished

Notes
Turn   | Place    | Note
-------+----------+-------------------------------------------
     0 | D:1      | foggy the Minotaur Fighter began the quest for the Orb.
     0 | D:1      | Reached XP level 1. HP: 19/19 MP: 0/0
   239 | D:1      | Reached XP level 2. HP: 27/27 MP: 1/1
   330 | D:1      | Found a faded altar of an unknown god.
   340 | D:1      | Prayed at the altar of an unknown god.
   340 | D:1      | Became a worshipper of Uskayaw the Reveller
   340 | D:1      | Reached * piety under Uskayaw
   381 | D:1      | Reached ** piety under Uskayaw
   383 | D:1      | Reached skill level 4 in Armour
   830 | D:2      | Reached *** piety under Uskayaw
   832 | D:2      | Reached XP level 3. HP: 25/33 MP: 2/2
  1451 | D:2      | Reached skill level 1 in Short Blades
  1691 | D:3      | Reached XP level 4. HP: 40/40 MP: 3/3
  1723 | D:3      | Found a runed translucent door.
  1724 | D:3      | Noticed Crazy Yiuf
  1743 | D:3      | Killed Crazy Yiuf
  1744 | D:3      | Reached skill level 1 in Invocations
  1971 | D:3      | Noticed Robin
  2000 | D:2      | Upgraded the game from 0.29-b1-12-g9e2288ab2a to
                  | 0.29.0-3-gbb0933ed62
  2052 | D:3      | Killed Robin
  2143 | D:3      | Reached XP level 5. HP: 41/47 MP: 4/4
  2496 | D:4      | Found Ufajegh's Magic Scroll Shoppe.
  2505 | D:4      | Bought a scroll of enchant armour for 82 gold pieces
  2516 | D:4      | Noticed Edmund
  2526 | D:4      | Killed Edmund
  2527 | D:4      | Reached XP level 6. HP: 36/55 MP: 5/5
  2735 | D:4      | Reached skill level 5 in Fighting
  2735 | D:4      | Reached skill level 1 in Dodging
  2806 | D:4      | Noticed Sigmund
  2817 | D:4      | Killed Sigmund
  2818 | D:4      | Reached skill level 5 in Armour
  2818 | D:4      | Reached skill level 1 in Stealth
  2818 | D:4      | Reached XP level 7. HP: 40/61 MP: 6/6
  3000 | D:4      | Reached skill level 5 in Short Blades
  3650 | D:5      | Entered Level 5 of the Dungeon
  3677 | D:5      | Found a hide-covered altar of Uskayaw.
  3678 | D:5      | Found a glowing golden altar of the Shining One.
  3680 | D:5      | Found a white marble altar of Elyvilon.
  3685 | D:5      | Reached skill level 5 in Shields
  3689 | D:5      | Found a shimmering altar of Xom.
  3689 | D:5      | Found a sacrificial altar of Ru.
  3923 | D:5      | Found a runed translucent door.
  3974 | D:5      | Reached skill level 6 in Armour
  4387 | D:5      | Reached XP level 8. HP: 60/70 MP: 7/7
  4471 | D:5      | Found a bloodstained altar of Trog.
  4588 | D:5      | Noticed Voxie's ghost (novice GrFi)
  4776 | D:6      | Reached **** piety under Uskayaw
  4777 | D:6      | Reached skill level 7 in Armour
  5351 | D:6      | Reached ***** piety under Uskayaw
  5452 | D:6      | You fall into a shaft and drop 2 floors!
  5462 | D:7      | Noticed Pikel
  5512 | D:7      | Noticed a brown ugly thing
  5512 | D:7      | Noticed Gurantaxtaxq's ghost (novice DECj)
  5513 | D:7      | Noticed a slime creature
  5535 | D:7      | Reached skill level 8 in Armour
  5921 | D:6      | Found a blossoming altar of Fedhas.
  5922 | D:6      | Found an ancient bone altar of Kikubaaqudgha.
  6008 | D:6      | Reached XP level 9. HP: 78/78 MP: 8/8
  6258 | D:6      | Found a staircase to the Ecumenical Temple.
  6566 | D:7      | Killed Pikel
  6566 | D:7      | Reached ****** piety under Uskayaw
  6567 | D:7      | Reached skill level 9 in Armour
  6827 | D:7      | Found a runed translucent gate.
  7265 | D:7      | Reached skill level 10 in Armour
  7456 | D:7      | Found a runed translucent gate.
  7457 | D:7      | Found a runed translucent gate.
  7462 | D:7      | Reached XP level 10. HP: 85/90 MP: 9/9
  8136 | D:8      | Noticed a cyclops
  8179 | D:8      | Killed a cyclops
  8180 | D:8      | Reached skill level 11 in Armour
  8180 | D:8      | Reached skill level 5 in Stealth
  8459 | D:8      | Found a staircase to the Lair.
  8703 | D:8      | Found a runed translucent gate.
  8703 | D:8      | Found an opulent altar of Gozag.
  8703 | D:8      | Found a runed translucent gate.
  8703 | D:8      | Noticed an eight-headed hydra
  8704 | D:8      | Found a runed translucent gate.
  8704 | D:8      | Noticed Iusername's ghost (novice MiFi)
  9208 | Lair:1   | Entered Level 1 of the Lair of Beasts
  9442 | Lair:1   | Noticed a cane toad
  9446 | Lair:1   | Noticed an eight-headed hydra
  9449 | Lair:1   | Killed a cane toad
  9457 | Lair:1   | Killed an eight-headed hydra
  9458 | Lair:1   | Reached skill level 12 in Armour
  9458 | Lair:1   | Reached XP level 11. HP: 60/99 MP: 6/10
  9907 | Lair:1   | Reached skill level 10 in Fighting
 11018 | Lair:2   | Noticed an eight-headed hydra
 11026 | Lair:2   | Killed an eight-headed hydra
 11027 | Lair:2   | Reached skill level 13 in Armour
 11027 | Lair:2   | Reached skill level 1 in Evocations
 11056 | Lair:2   | Noticed a death yak
 11057 | Lair:2   | Noticed a death yak
 11057 | Lair:2   | Noticed a death yak
 11058 | Lair:2   | Noticed a death yak
 11059 | Lair:2   | Noticed a death yak
 11060 | Lair:2   | Noticed a death yak
 11488 | D:9      | Noticed a two-headed ogre
 11498 | D:9      | Noticed a six-headed hydra
 11856 | D:9      | Found a staircase to the Orcish Mines.
 12096 | D:8      | Killed a six-headed hydra
 12097 | D:8      | Reached skill level 10 in Shields
 12407 | D:9      | Found an opulent altar of Gozag.
 12415 | D:9      | Identified a scroll of acquirement
 12415 | D:9      | Acquired the ring "Xania" {rPois rN+ SInv}
 12469 | D:9      | Noticed a green ugly thing
 12478 | D:9      | Killed a green ugly thing
 12570 | D:9      | Reached XP level 12. HP: 65/110 MP: 11/11
 12742 | D:9      | Killed a two-headed ogre
 12743 | D:9      | Reached skill level 14 in Armour
 12858 | D:9      | Noticed a two-headed ogre
 12868 | D:9      | Killed a two-headed ogre
 12873 | D:9      | Noticed Grum
 13235 | D:9      | Killed Grum
 13453 | D:9      | Acquired the ring of the Firefly {rElec rF+ rC+ rCorr
                  | Str+2}
 13532 | D:9      | Found a burning altar of Makhleb.
 13675 | D:10     | Entered Level 10 of the Dungeon
 13806 | D:10     | Noticed Urug
 13825 | D:10     | HP: 4/112 [Urug/+4 demon trident (20)]
 13826 | D:10     | Mangled by Urug

Illustrated notes

Levels and vault maps discovered:
D:1:      shiori_arrival_oz, layout_basic, shapermc_ecumenical_altar_notcrosses
D:2:      layout_loops_ring, moated_statue
D:3:      layout_basic, grunt_ministairs_8, uniq_crazy_yiuf_cottage, uniq_robin
D:4:      cheibrodos_old_hovel, layout_basic, serial_shops, shop_statue,
          minmay_close_crescents, uniq_edmund, uniq_sigmund
D:5:      layout_basic, grunt_temple_overflow_open, mainiacjoe_overflow_catwalk,
          ebering_ghost_sewer_d, grunt_decor_cap,
          nicolae_concentric_dashed_squares_wild, kennysheep_another_room
D:6:      layout_loops_ring, grunt_temple_overflow_growth_and_decay,
          temple_hall, minmay_door_square
D:7:      layout_loops_ring, gammafunk_ghost_split, grunt_decor_clamped,
          uniq_pikel
D:8:      layout_loops_ring, minmay_lair_entry_grove, ebering_ghost_gozag
D:9:      layout_rooms, lightli_temple_of_fire, grunt_gozag_statues,
          kennysheep_orc_monster_closet_entryway, enter_bailey_7, uniq_grum
D:10:     layout_layer_cave, minmay_misc_feat_alley, nrook_campfire, uniq_urug
Lair:1:   layout_regular_city, serial_bayou_shore_b
Lair:2:   layout_loops_ring, shoals_dummy_entry, nicolae_lair_grazing_beasts
          [nicolae_sub_lair_graze_edge, nicolae_sub_lair_graze_edge,
          nicolae_sub_lair_graze_edge, nicolae_sub_lair_graze_edge]

Skill      XL: |  1  2  3  4  5  6  7  8  9 10 11 12 |
---------------+-------------------------------------+-----
Armour         | 4 5 6 8 10 12 13 14 | 14.6
Shields        | 4 5 6 7 9 10 | 10.8
Fighting       | 4 5 6 8 9 11 12 | 12.0
Short Blades   | 1 2 3 4 5 |  5.8
Maces & Flails | 3 |  3.0
Invocations    | 1 |  1.2
Dodging        | 1 2 3 |  3.8
Stealth        | 1 2 3 4 5 7 |  7.6
Evocations     | 1 |  1.6

Action                   |  1- 3 |  4- 6 |  7- 9 | 10-12 || total
-------------------------+-------+-------+-------+-------++-------
Melee: Rapier            |    77 |    77 |       |       ||   154
       Flail             |     3 |    17 |   252 |   456 ||   728
       Headbutt          |     8 |    14 |    36 |   101 ||   159
Invok: Stomp             |       |     1 |       |     2 ||     3
       Line Pass         |       |       |     1 |       ||     1
Evoke: Wand              |       |     1 |       |    11 ||    12
  Use: Scroll            |     3 |     4 |     9 |     8 ||    24
       Potion            |       |       |     5 |     2 ||     7
 Stab: Paralysed         |     1 |     2 |    16 |    35 ||    54
Armor: Scale mail        |    41 |    34 |    46 |       ||   121
       Plate armour      |       |       |   146 |   488 ||   634
Dodge: Dodged            |    29 |    33 |   129 |   282 ||   473
Block: Buckler           |    15 |    24 |    86 |   200 ||   325
